Unix NetHack Version 3.7.0-84 Work-in-progress - last build May 22 2023 02:29:17 (732dfbf093e943a159c46a5f7822c8f8c359e758,branch:master). Game began 2023-05-17 19:08:42, ended 2023-05-31 22:31:54. moulin, chaotic male orcish Rogue ----------- --------- |.........| ----------- |........# |.........| |..........` |..@`...|# ---------.- |.........|# |.......|# ## |.........|* |.p.....|# # |.........|# -.-.-----# ###### --|--------## #### # # ## # # # # # # # # : # --.------------ # % # # # |..............## ## #######*#`### # # # |.............| ## ----.---------- # ----.--- --[-.- # |...........^<| #### |.............| ##........##|.%+.| # --------------- ### |.............| |......| #|....| # #[ |.............| |......-##|.%.(| ## ###-).....^......| ----...|##..%..| #----- |.............| |...| #----- #|.))| --------------- |...| ##############->^)| ----- ----- Moulin the Robber St:18/45 Dx:17 Co:18 In:15 Wi:16 Ch:11 Chaotic S:239332 Dlvl:22 $:0 HP:104(104) Pw:46(46) AC:-12 Xp:14/89363 T:27370 Blind Latest messages: You hit the hill giant. You hit the hill giant. You are now more skilled in two weapon combat. You switch to your primary weapon. You hit the hill giant. You kill the hill giant! That feels like a boulder. With great effort you move the boulder. You try to feel what is lying here on the floor. What do you want to use or apply? [bhmpxB-DMPQ or ?*] b What do you want to use or apply? [bhmpxB-DMPQ or ?*] M There is a hill giant corpse here; tin it? [ynq] (n) y c - a tin of hill giant meat. There is a food ration here; eat it? [ynq] (n) n What do you want to eat? [c or ?*] c The tin seems easy to open. You succeed in opening the tin. It smells like hill giants. Eat it? [yn] (n) y You consume homemade hill giant. You feel very strong! Restoring save file... Hello moulin, the orcish Rogue, welcome back to NetHack! Really quit? [yn] (n) n Really quit? [yn] (n) y Do you want your possessions identified? [ynq] (y) q Inventory: Amulets I - a cursed amulet of reflection (being worn) Weapons V - a +4 silver saber (weapon in hand) K - a +3 silver saber (alternate weapon; not wielded) Armor H - a blessed +1 orcish helm (being worn) U - an uncursed +0 pair of gauntlets of dexterity (being worn) J - an uncursed +3 pair of water walking boots (being worn) L - a blessed +3 cloak of magic resistance named c (being worn) g - an uncursed +0 mummy wrapping G - a blessed greased +2 blue dragon scale mail (being worn) Rings W - an uncursed ring of free action (on left hand) Wands D - a wand of digging (0:6) x - a wand of digging (0:4) B - a wand of teleportation (0:6) p - a wand of teleportation (0:2) Tools b - a blessed greased bag of holding containing 138 items Q - the Bell of Opening (0:3) P - an uncursed blindfold (being worn) m - the blessed Master Key of Thievery M - a blessed tinning kit (0:59) h - a blessed +0 unicorn horn Gems/Stones C - an uncursed luckstone Contents of the bag of holding: an uncursed amulet of strangulation an uncursed amulet of flying an uncursed amulet of flying an uncursed amulet of life saving an uncursed amulet of restful sleep a +2 elven dagger named c, +2 a +0 elven dagger a greased +0 orcish dagger 6 +2 orcish daggers named Se7en a +1 orcish dagger 4 +0 orcish daggers the blessed rustproof +5 Stormbringer a +0 bullwhip an uncursed +0 helm of opposite alignment a blessed +1 pair of elven boots an uncursed +0 pair of levitation boots an uncursed +0 pair of water walking boots a blessed +2 elven shield an uncursed +0 cloak of displacement an uncursed +0 mummy wrapping an uncursed +0 mummy wrapping an uncursed +0 mummy wrapping an uncursed +0 Hawaiian shirt with a hibiscus flower motif an uncursed apple an uncursed carrot 3 uncursed cram rations an uncursed cream pie an uncursed food ration an uncursed fortune cookie 2 uncursed pancakes an uncursed tin of chameleon meat named chameleon meat 5 blessed tins of chameleon meat 2 uncursed eggs an uncursed lichen corpse an uncursed lizard corpse 2 uncursed scrolls of confuse monster a blessed scroll of gold detection a cursed scroll of gold detection an uncursed scroll of gold detection an uncursed scroll of scare monster a cursed scroll of amnesia a blessed scroll of blank paper 7 uncursed scrolls of blank paper a cursed scroll of create monster a blessed scroll of earth an uncursed scroll of earth 2 uncursed scrolls of enchant armor a blessed scroll of fire a cursed scroll of food detection an uncursed scroll of identify a cursed scroll of magic mapping an uncursed scroll of stinking cloud 6 cursed scrolls of teleportation a cursed potion of invisibility 2 uncursed potions of booze an uncursed potion of confusion 10 potions of holy water 4 uncursed potions of water 4 potions of unholy water an uncursed potion of extra healing a cursed potion of extra healing 3 uncursed potions of full healing 3 uncursed potions of gain energy a cursed potion of gain energy a blessed potion of gain level 3 uncursed potions of gain level a cursed potion of gain level a blessed potion of levitation a blessed potion of object detection 2 uncursed potions of oil 3 uncursed potions of speed an uncursed ring of stealth an uncursed +0 ring of gain strength an uncursed +3 ring of increase damage an uncursed ring of teleportation an uncursed ring of warning an uncursed ring of searching a blessed +1 ring of increase accuracy an uncursed +1 ring of increase accuracy an uncursed ring of regeneration an uncursed ring of hunger named orig c an uncursed ring of sustain ability named orig c an uncursed ring of protection from shape changers an uncursed ring of cold resistance an uncursed ring of conflict an uncursed ring of poison resistance an uncursed ring of polymorph an uncursed ring of polymorph a blessed +1 ring of protection a cursed wand of nothing (0:1) a wand of make invisible (0:4) a wand of polymorph (0:5) a wand of slow monster (0:4) a wand of wishing (0:2) a wand of cold (0:3) a wand of create monster (0:6) a wand of death (0:4) a wand of digging (0:5) a wand of digging (0:4) a wand of locking (0:4) a cursed wand of locking (0:4) a wand of magic missile (0:4) a wand of magic missile (0:7) a wand of magic missile (0:6) a wand of speed monster (0:4) a wand of speed monster (0:7) a cursed wand of speed monster (0:2) a wand of striking (0:5) an uncursed bugle 11 uncursed tallow candles 13 uncursed wax candles a blessed oil lamp an uncursed oil lamp named c an uncursed oil lamp an uncursed magic whistle an uncursed tin whistle an uncursed brass lantern a can of grease (0:9) an uncursed lock pick a +0 pick-axe an uncursed skeleton key an uncursed skeleton key an uncursed stethoscope a tinning kit (0:57) 4 uncursed garnet stones 3 uncursed amethyst stones an uncursed sapphire an uncursed black opal 3 uncursed obsidian stones 3 uncursed diamonds 4 uncursed emeralds an uncursed jade stone 4 uncursed jet stones an uncursed jasper stone 2 uncursed fluorite stones an uncursed chrysoberyl stone 2 uncursed rubies an uncursed luckstone Moulin the Rogue's attributes: Background: You were a Robber, a level 14 male orcish Rogue. You were chaotic, on a mission for Kos who was opposed by Issek (lawful) and Mog (neutral). You were in the Dungeons of Doom, on level 22. You entered the dungeon 27370 turns ago. It was nighttime. You had 89363 experience points, 70637 more were needed to attain level 15. Your score was 239332 before end-of-game adjustments. Basics: You had all 104 hit points. You had all 46 energy points (spell power). Your armor class was -12. Your wallet was empty. Autopickup was off. Final Characteristics: Your strength was 18/45 (limit:18/50). Your dexterity was 17 (peak:18, limit:18). Your constitution was 18 (limit:18). Your intelligence was 15 (limit:16). Your wisdom was 16 (limit:16). Your charisma was 11 (limit:16). Final Status: You were deliberately blind. You were not hungry. You were unencumbered. You were wielding a saber. You had basic skill with saber. Final Attributes: You were the Glory of Arioch. You were piously aligned. You were magic-protected. You were fire resistant. You were cold resistant. You were sleep resistant. You were shock resistant. Your items were protected from electric shocks. You were poison resistant. You would have seen invisible when not blind. You were telepathic. You were warned. You had automatic searching. You had infravision. You were invisible to others. You were stealthy. You could teleport. You had teleport control. You could walk on water. You were warded. You took half physical damage. You were very fast. You had reflection. You had free action. You were extremely lucky. You had extra luck. Bad luck did not time out for you. Good luck did not time out for you. You survived. Miscellaneous: You encountered 1 bones level. Total elapsed playing time was 14 hours, 36 minutes and 2 seconds. Major events: Turn 1: moulin the chaotic male orcish Rogue entered the dungeon 580: entered the Gnomish Mines 842: attained the rank of Cutpurse (level 3) 3800: attained the rank of Rogue (level 6) 4030: destroyed PrayingWolf's ghost, the former Thaumaturge 5776: acquired the Mines' End luckstone 9040: entered Sokoban 9402: completed 1st Sokoban level 9980: completed 2nd Sokoban level 10384: completed 3rd Sokoban level 11445: completed 4th Sokoban level 11552: acquired the Sokoban amulet of reflection 14089: attained the rank of Pilferer (level 10) 16230: made his first wish - "blessed greased +2 blue dragon scale mail", got "a greased blue dragon scale mail" 20226: performed his first genocide (master liches) 21098: was bestowed with Grimtooth by Kos 21247: was chosen to steal souls for the Glory of Kos 21247: was bestowed with Stormbringer 21882: killed Medusa 22838: genocided disenchanters 23531: entered Gehennom 23791: attained the rank of Robber (level 14) 25908: killed the Master Assassin 25911: found the Master Key of Thievery on the floor 25912: acquired the Bell of Opening 27348: killed Yeenoghu 27370: quit Vanquished creatures: Yeenoghu Medusa an iron golem a purple worm a gray dragon a silver dragon a red dragon a white dragon an orange dragon a green dragon a minotaur the Master Assassin a baluchitherium 3 demiliches a stone golem a master mind flayer 2 Olog-hai a displacer beast 2 titanotheres a trapper a baby blue dragon 18 guardian nagas 2 vampire leaders 5 captains 2 nurses an ettin a golden naga a black pudding 2 vampires 5 lieutenants 15 ghosts a queen bee 6 giant mimics 2 long worms a zruty a fire giant 2 ogre tyrants an ice troll 2 elven monarchs 3 large mimics 2 couatls an air elemental a fire elemental an earth elemental 2 water elementals 5 hill giants 4 black nagas 3 xorns 2 giant zombies 4 elf-nobles 13 sergeants 2 winter wolves 8 small mimics 2 warhorses 4 xans 2 ettin mummies 3 quantum mechanics 4 trolls 3 sharks a gelatinous cube 2 large dogs 4 flaming spheres 2 shocking spheres 2 large cats a tiger 4 gargoyles 3 dwarf rulers 4 tengu 3 ochre jellies a leocrotta 2 stone giants a human mummy a red naga a python 2 pit vipers 3 cobras 4 wraiths a carnivorous ape an ettin zombie 65 soldiers 3 amorous demons 13 chameleons a crocodile 3 giant beetles 2 quivering blobs 6 cockatrices 6 wolves 4 winter wolf cubs 3 lynxes a gremlin 24 leprechauns 7 orc-captains 3 iron piercers 4 giant spiders a scorpion 2 horses 5 ice vortices a black light 3 vampire bats a forest centaur 5 gnome rulers an orc mummy 4 dwarf mummies a brown pudding 5 rust monsters 5 owlbears 2 yetis 5 gold golems 2 werewolves a Green-elf 3 giant eels 5 lizards 2 housecats 2 jaguars 3 dwarf leaders 3 blue jellies a gray unicorn a dust vortex 3 ravens 3 plains centaurs 2 gnome mummies 4 snakes 4 apes 2 human zombies 3 rope golems 3 Woodland-elves 6 soldier ants a fire ant 2 bugbears a quasit 8 wood nymphs 13 water nymphs a mountain nymph 3 Mordor orcs 6 Uruk-hai 8 orc shamans 6 rock piercers a pony 8 fog clouds 8 yellow lights a shrieker 2 violet fungi 14 gnome leaders 5 gnomish wizards 3 kobold mummies a black naga hatchling 2 gray oozes 4 straw golems 8 giant ants 2 little dogs 8 floating eyes 3 kittens 20 dwarves 3 homunculi a kobold leader a kobold shaman 16 hill orcs 15 rothes 3 rabid rats 3 centipedes 5 giant bats 4 monkeys an orc zombie 3 dwarf zombies 3 wererats 3 werejackals 6 iguanas 36 killer bees 19 acid blobs 2 coyotes a gas spore 6 hobbits 20 manes 4 large kobolds 3 hobgoblins 6 giant rats 6 cave spiders 2 red molds 56 gnomes 6 garter snakes 7 gnome zombies 11 geckos 19 jackals 6 foxes 3 kobolds 5 goblins 6 sewer rats 9 grid bugs a bat 8 lichens 9 kobold zombies 12 newts 913 creatures vanquished. Genocided species: master liches disenchanters 2 species genocided. Voluntary challenges: You read items or engraved 50 times. You never engraved Elbereth. You genocided 2 types of monsters. You never polymorphed an object. You used 1 wish. You did not wish for any artifacts. You did not violate any of the special Sokoban rules. Achievements: You entered a shop. You entered the Gnomish Mines. You attained the rank of Cutpurse. You attained the rank of Rogue. You completed the Gnomish Mines. You entered Sokoban. You completed Sokoban. You attained the rank of Pilferer. You entered a temple. You defeated Medusa. You learned the tune to open and close the Castle's drawbridge. You entered Gehennom. You attained the rank of Robber. You had the Bell of Opening. The Dungeons of Doom: levels 1 to 29 Level 1: Level 2: An armor shop. Stairs down to The Gnomish Mines. Level 3: Level 4: A scroll shop, a sink. Level 5: "#done" A delicatessen, a fountain, a sink. Level 6: A fountain. Level 7: Many fountains. Oracle of Delphi. Level 8: Stairs up to Sokoban, level 7. Level 9: Level 10: Some fountains. Level 11: Level 12: A fountain. Level 13: A temple to Kos, a fountain. Level 14: A fountain. Summoned by the Master of Thieves. Portal to The Quest. Level 15: A fountain. Level 16: An altar. Level 17: A primitive area. Level 18: "WW" Some fountains. Level 19: A temple, some fountains. Level 20: "+'s R Us" A weapon shop. Level 21: A general store, an altar to Kos, a fountain. Level 22: <- You were here. Level 23: A potion shop. Level 24: A fountain. Level 25: "WW" A fountain. Level 26: A fountain. Level 27: Some fountains, many trees. Level 28: Level 29: A fountain. The castle (play notes "EBADD" to open or close drawbridge). Connection to Gehennom. Gehennom: Level 30: Many graves. The Gnomish Mines: levels 3 to 10 Level 3: Level 4: Level 5: A grave. Final resting place for PrayingWolf-Wiz-Elf-Mal-Cha, killed by a soldier ant. Level 6: "black uni" An altar to Kos. Level 7: Level 8: Level 9: Level 10: "jubi" The Quest: levels 1 to 6 Level 1: Given quest by the Master of Thieves. Level 2: Level 3: Level 4: Level 5: Level 6: Sokoban: levels 7 up to 4 Level 4: Solved. Level 5: Solved. Level 6: Solved. Level 7: Solved. Goodbye moulin the Rogue... You quit in The Dungeons of Doom on dungeon level 22 with 239332 points, and 0 pieces of gold, after 27370 moves. You were level 14 with a maximum of 104 hit points when you quit.